 Dungeon Crawl Stone Soup version 0.17.1-1-g73c8601 (console) character file.

7828 Kloppie the Severer (level 11, -6/101 HPs)
             Began as a Hill Orc Fighter on Dec 13, 2015.
             Was a Priest of the Shining One.
             Mangled by Snorg (16 damage)
             ... on level 10 of the Dungeon.
             The game lasted 00:16:03 (8336 turns).

Kloppie the Severer (Hill Orc Fighter)              Turns: 8336, Time: 00:16:03

Health: -6/101     AC: 13    Str: 23    XL:     11   Next: 21%
Magic:  17/17      EV: 12    Int:  8    God:    the Shining One [***...]
Gold:   426        SH: 10    Dex: 15    Spells: 0 memorised, 10 levels left

rFire  + . .     SeeInvis .     B - +3 war axe (freeze)
rCold  + + .     Clarity  .     p - +0 scale mail {rN+}
rNeg   + + .     SustAt   .     c - +0 shield
rPois  .         Gourm    .     M - +2 hat {MR+}
rElec  .         Spirit   .     I - +0 cloak
rCorr  .         Warding  .     y - +1 pair of gloves
rMut   .         Stasis   .     (no boots)
MR     +....                    q - amulet of rage
Stlth  +.........               u - ring of protection from cold
                                k - ring "Hut Qily" {+Fly rF+ rC+}

@: agile, glowing, somewhat resistant to hostile enchantments, very unstealthy
A: no striking features
a: Divine Shield, Renounce Religion, Evoke Berserk Rage, Evoke Flight


You were on level 10 of the Dungeon.
You worshipped the Shining One.
The Shining One was most pleased with you.
You were near starving.

You visited 2 branches of the dungeon, and saw 11 of its levels.

You collected 426 gold pieces.

Inventory:

Hand Weapons
 a - a +1 war axe
 B - a +3 war axe of freezing (weapon)
 R - a +0 flail
Armour
 c - a +0 shield (worn)
 p - a +0 scale mail of positive energy (worn)
 t - a +0 plate armour of poison resistance
 y - a +1 pair of gloves (worn)
 I - a +0 cloak (worn)
 M - a +2 hat of magic resistance (worn)
Jewellery
 k - the ring "Hut Qily" (left hand) {+Fly rF+ rC+}
   (You found it on level 5 of the Dungeon)

   [ring of protection from fire]

   It protects you from fire.
   It protects you from cold.
   It lets you fly.
 q - an amulet of rage (around neck)
 s - an uncursed ring of ice
 u - a ring of protection from cold (right hand)
 v - an uncursed ring of protection from fire
 E - an uncursed ring of positive energy
Wands
 b - a wand of digging (17)
 h - a wand of flame (18)
Scrolls
 i - 7 scrolls of teleportation
 m - 11 scrolls of remove curse
 n - 5 scrolls of fear
 r - 2 scrolls of recharging
 z - a scroll of amnesia
 D - a scroll of holy word {unknown}
 J - a scroll of enchant armour
 N - 3 scrolls of blinking
 Q - a scroll of enchant weapon
 S - a scroll of random uselessness {unknown}
Potions
 d - 3 potions of might
 f - 6 potions of lignification
 g - 7 potions of curing
 j - 2 potions of degeneration
 l - 3 potions of brilliance {unknown}
 x - 2 potions of agility
 A - 2 potions of cancellation {unknown}
 F - 4 potions of cure mutation {unknown}
 H - 2 potions of ambrosia {unknown}
 K - a potion of berserk rage {unknown}
 L - a potion of magic {unknown}
 P - a potion of haste {unknown}
Books
 w - a book of Geomancy

   Spells                             Type                      Level
   a - Sandblast                      Earth                        1
   b - Stoneskin                      Transmutation/Earth          2
   c - Passwall                       Transmutation/Earth          3
   d - Stone Arrow                    Conjuration/Earth            3
   e - Petrify                        Transmutation/Earth          4
   f - Lee's Rapid Deconstruction     Earth                        5
 C - a book of the Tempests

   Spells                             Type                      Level
   a - Static Discharge               Conjuration/Air              3
   b - Lightning Bolt                 Conjuration/Air              5
   c - Fireball                       Conjuration/Fire             5
   d - Tornado                        Air                          9
   e - Shatter                        Earth                        9
Comestibles
 e - 8 bread rations
 G - 2 royal jellies
 O - 3 meat rations
 T - a beef jerky


   Skills:
 - Level 10.4 Fighting
 + Level 15.9 Axes
 - Level 5.6 Armour
 - Level 3.2 Shields
 - Level 8.0 Invocations


You had 10 spell levels left.
You didn't know any spells.

Dungeon Overview and Level Annotations

Branches:
Dungeon (10/15)            Temple (1/1) D:4            Lair (0/8) D:8
    Orc (0/4) D:9

Altars:
Ashenzari
Cheibriados
Dithmenos
Elyvilon
Fedhas
Gozag
Kikubaaqudgha
Makhleb
Nemelex Xobeh
Okawaru
Qazlal
Ru
Sif Muna
Trog
Vehumet
Xom
Yredelemnul
Zin
The Shining One

Shops:
D:9 }   D:10 !

Annotations:
D:10 Snorg


Message History

Snorg barely misses you. Snorg claws you but does no damage.
Snorg completely misses you.
You slice Snorg!! You freeze Snorg.
Snorg is severely wounded.
You block Snorg's attack. x2
Snorg claws you but does no damage. Snorg bites you but does no damage.
Snorg barely misses you. Snorg claws you!
* * * LOW HITPOINT WARNING * * *
You hit Snorg. You freeze Snorg.
Snorg is almost dead.
Snorg bites you!
* * * LOW HITPOINT WARNING * * *
Snorg misses you. Snorg claws you but does no damage.
You hit Snorg. You freeze Snorg.
Snorg is almost dead.
Snorg misses you. Snorg claws you but does no damage. You block Snorg's attack.
You slash Snorg! You freeze Snorg.
Snorg is almost dead.
You block Snorg's attack. Snorg claws you!
You die...

..## #.. #..#
..# ##.# .##
#.## ## #..###
# #....# ##...#
#...#
#..######..####
#....T@......#
###.......####
##....###
######


You could see Snorg (berserk).

Vanquished Creatures
  Gastronok (D:8)
  The ghost of Genom09 the Transmogrifier, a novice MfTm of Cheibriados (D:9)
  The ghost of subsebi the Chopper, an amateur DsCK of Xom (D:5)
  Prince Ribbit (D:7)
  Sigmund (D:5)
  8 yaks
  A hippogriff (D:10)
  A warg (D:9)
  A water moccasin (D:9)
  3 ogres
  4 orc warriors (D:9)
  2 ice beasts
  A phantom (D:5)
  A black bear (D:7)
  3 sky beasts
  3 centaurs
  2 big kobolds
  Blork the orc (D:4)
  4 giant frogs
  5 scorpions
  2 killer bees (D:7)
  5 wights (D:6)
  5 orc priests
  3 jellies
  4 crimson imps
  2 giant frog zombies
  A centaur zombie (D:5)
  2 orc wizards
  Crazy Yiuf (D:7)
  3 iguanas
  A giant frog skeleton (D:5)
  2 hounds
  A quasit (D:9)
  7 worker ants
  10 adders
  A shadow imp (D:9)
  An ooze (D:6)
  An adder skeleton (D:4)
  5 worms
  4 giant geckos
  28 orcs
  6 bats
  5 giant cockroaches
  6 hobgoblins
  10 jackals
  19 kobolds
  5 quokkas
  3 ball pythons
  A giant gecko skeleton (D:7)
  3 giant newts
  8 goblins
  A jackal skeleton (D:4)
  A quokka zombie (D:8)
  4 rats
206 creatures vanquished.

Notes
Turn   | Place    | Note
--------------------------------------------------------------
     0 | D:1      | Kloppie the Hill Orc Fighter began the quest for the Orb.
     0 | D:1      | Reached XP level 1. HP: 19/19 MP: 1/1
    69 | D:1      | Reached XP level 2. HP: 22/27 MP: 2/2
   131 | D:1      | Reached skill level 4 in Fighting
   457 | D:2      | Reached XP level 3. HP: 23/34 MP: 3/3
   919 | D:2      | Reached XP level 4. HP: 19/41 MP: 4/4
  1295 | D:2      | Reached skill level 5 in Fighting
  1800 | D:3      | Found a deep blue altar of Sif Muna.
  1872 | D:3      | Found an ancient bone altar of Kikubaaqudgha.
  2158 | D:3      | Found a burning altar of Makhleb.
  2161 | D:3      | Found a radiant altar of Vehumet.
  2164 | D:3      | Found a stormy altar of Qazlal.
  2165 | D:3      | Found a basalt altar of Yredelemnul.
  2165 | D:3      | Found an opulent altar of Gozag.
  2165 | D:3      | Found a glowing silver altar of Zin.
  2165 | D:3      | Found a shadowy altar of Dithmenos.
  2166 | D:3      | Found a blossoming altar of Fedhas.
  2169 | D:3      | Found a shimmering altar of Xom.
  2170 | D:3      | Found a sacrificial altar of Ru.
  2353 | D:4      | Reached XP level 5. HP: 42/48 MP: 5/5
  2359 | D:4      | Reached skill level 5 in Axes
  2439 | D:4      | Noticed Blork the orc
  2689 | D:4      | Found a staircase to the Ecumenical Temple.
  2708 | Temple   | Entered the Ecumenical Temple
  2764 | Temple   | Became a worshipper of the Shining One
  2815 | D:4      | Noticed an ogre
  2820 | D:4      | Killed an ogre
  2820 | D:4      | Reached skill level 6 in Fighting
  2820 | D:4      | Reached XP level 6. HP: 22/58 MP: 6/6
  3008 | D:4      | Killed Blork the orc
  3134 | D:4      | Got a faintly glowing leather armour
  3332 | D:4      | Reached skill level 7 in Fighting
  3332 | D:4      | Reached XP level 7. HP: 42/66 MP: 7/7
  3362 | D:4      | Identified the +1 leather armour of Nasiymao {+Inv Int-2 Slay+3 Stlth+} (You found it on level 4 of the Dungeon)
  3399 | D:5      | Entered Level 5 of the Dungeon
  3626 | D:5      | Got a slimy granite ring
  3858 | D:5      | Noticed Sigmund
  3878 | D:5      | Reached * piety under the Shining One
  3878 | D:5      | Killed Sigmund
  3878 | D:5      | Reached skill level 8 in Fighting
  3878 | D:5      | Reached XP level 8. HP: 50/75 MP: 8/8
  4177 | D:5      | Noticed subsebi's ghost (amateur DsCK)
  4185 | D:5      | Killed subsebi's ghost
  4185 | D:5      | Reached skill level 9 in Axes
  4610 | D:6      | Reached skill level 10 in Axes
  4824 | D:6      | Reached skill level 10 in Fighting
  4893 | D:6      | Found a snail-covered altar of Cheibriados.
  4925 | D:6      | Reached XP level 9. HP: 83/85 MP: 9/9
  5477 | D:7      | Noticed Prince Ribbit
  5491 | D:7      | Killed Prince Ribbit
  5491 | D:7      | Reached skill level 11 in Axes
  5571 | D:7      | Identified the ring "Hut Qily" {+Fly rF+ rC+} (You found it on level 5 of the Dungeon)
  5879 | D:7      | Reached skill level 5 in Armour
  5953 | D:7      | Noticed Crazy Yiuf
  5957 | D:7      | Paralysed by Crazy Yiuf for 3 turns
  5962 | D:7      | Killed Crazy Yiuf
  6151 | D:8      | Reached ** piety under the Shining One
  6388 | D:8      | Reached skill level 12 in Axes
  6559 | D:8      | Found a staircase to the Lair.
  6616 | D:8      | Reached skill level 1 in Invocations
  6786 | D:8      | You fall through a shaft for 2 floors!
  6786 | D:10     | Entered Level 10 of the Dungeon
  6880 | D:9      | Found Hoqawnypn's Gadget Emporium.
  6933 | D:8      | Noticed Gastronok
  6948 | D:8      | Killed Gastronok
  6948 | D:8      | Reached skill level 13 in Axes
  6948 | D:8      | Reached XP level 10. HP: 56/94 MP: 11/15
  7222 | D:9      | Reached skill level 14 in Axes
  7347 | D:9      | Found a shimmering altar of Xom.
  7459 | D:9      | Found a staircase to the Orcish Mines.
  7549 | D:9      | Noticed Genom09's ghost (novice MfTm)
  7562 | D:9      | Killed Genom09's ghost
  7562 | D:9      | Reached skill level 15 in Axes
  7562 | D:9      | Reached XP level 11. HP: 74/101 MP: 17/17
  8081 | D:10     | Reached *** piety under the Shining One
  8285 | D:10     | Found Moso's Distillery.
  8320 | D:10     | Noticed Snorg
  8336 | D:10     | Mangled by Snorg

Action                   |  1- 3 |  4- 6 |  7- 9 | 10-12 || total
-------------------------+-------+-------+-------+-------++-------
Melee: War axe           |   101 |   158 |   269 |   126 ||   654
  Use: Scroll            |       |       |    21 |       ||    21
       Potion            |       |       |     1 |     2 ||     3
  Eat: Chunk             |       |     3 |     8 |     3 ||    14
       Bread ration      |       |     1 |     1 |       ||     2
